 Dungeon Crawl Stone Soup version 0.21.1-1-g345015f (webtiles) character file.

962 Mesmaeker13 the Charmwright (level 7, -1/60 HPs)
             Began as a Demigod Skald on Mar 1, 2018.
             Slain by an ogre
             ... wielding a +0 giant club
              (10 damage)
             ... on level 6 of the Dungeon.
             The game lasted 00:06:56 (6030 turns).

Mesmaeker13 the Charmwright (Demigod Skald)         Turns: 6030, Time: 00:06:57

Health: -1/60      AC: 13    Str: 21    XL:     7   Next: 61%
Magic:  12/12      EV:  8    Int: 17    God:
Gold:   245        SH:  0    Dex: 15    Spells: 8/9 levels left

rFire    x . .     SeeInvis .   v - +0 long sword
rCold    + . .     Gourm    .   (no shield)
rNeg     . . .     Faith    .   r - +1 chain mail
rPois    .         Spirit   .   w - +1 helmet
rElec    .         Reflect  .   (no cloak)
rCorr    .         Harm     .   (no gloves)
MR       .....                  A - +0 pair of boots
Stlth    ..........             (no amulet)
HPRegen  0.20/turn              b - +3 ring of strength
MPRegen  0.13/turn              g - ring of ice

@: no status effects
A: high mp 1
a: no special abilities


You were on level 6 of the Dungeon.
You were hungry.

You visited 1 branch of the dungeon, and saw 6 of its levels.

You collected 245 gold pieces.

Inventory:

Hand Weapons
 v - a +0 long sword (weapon)
 x - a +0 great sword
Armour
 r - a +1 chain mail (worn)
 w - a +1 helmet (worn)
 A - a +0 pair of boots (worn)
Jewellery
 b - a +3 ring of strength (left hand)
 g - a ring of ice (right hand)
 k - a +4 ring of intelligence
Wands
 l - a wand of flame (24)
 z - a wand of disintegration (13)
Scrolls
 a - 3 scrolls of noise {unknown}
 f - a scroll of blinking {unknown}
 h - 2 scrolls of amnesia
 i - a scroll of magic mapping {unknown}
 m - 2 scrolls of fog {unknown}
 n - 2 scrolls of teleportation
 q - 3 scrolls of enchant armour
 s - 5 scrolls of fear
 y - a scroll of remove curse
Potions
 e - a potion of haste
 j - a potion of ambrosia {unknown}
 o - 2 potions of lignification
 p - a potion of might {unknown}
 t - 2 potions of curing
 u - 2 potions of resistance {unknown}
Books
 c - a book of Battle

   Spells                             Type                      Level
   a - Infusion                       Charms                       1
   b - Shroud of Golubria             Charms/Translocation         2
   c - Song of Slaying                Charms                       2
   d - Spectral Weapon                Hexes/Charms                 3
   e - Regeneration                   Charms/Necromancy            3
Comestibles
 d - 9 rations


   Skills:
 + Level 4.4 Fighting
 + Level 4.4 Long Blades
 + Level 4.1 Armour
 - Level 1.7 Dodging
 - Level 1.7 Spellcasting
 + Level 4.9 Charms


You had 8 spell levels left.
You knew the following spells:

 Your Spells              Type           Power        Failure   Level  Hunger
a - Infusion              Chrm           ###.         22%         1    #......


Dungeon Overview and Level Annotations

Branches:
Dungeon (6/15)
 Temple: D:4-7

Annotations:
D:4 inmateoo's ghost, amateur MiAM


Innate Abilities, Weirdness & Mutations

You have an increased reservoir of magic. (+10% MP)


Message History

The ogre is lightly wounded.
The ogre hits you with a giant club!!
* * * LOW HITPOINT WARNING * * *
You slash the ogre!
The ogre is heavily wounded.
The ogre hits you with a giant club.
* * * LOW HITPOINT WARNING * * *
You slash the ogre!
The ogre is almost dead.
You barely miss the ogre.
The ogre is almost dead.
The ogre misses you.
You riposte.
You hit the ogre.
The ogre is almost dead.
You hit the ogre.
The ogre is almost dead.
The ogre hits you but does no damage.
You barely miss the ogre.
The ogre is almost dead.
The ogre hits you with a giant club!
You die...

##.......##. #. #.
#.#####.#.# ### #.########.
#.........#
.#...##..........
#.>#.#....##
##.........########
#..#.#...#.###(#.......#.##
#..............>.....#.##.#
##.###..#.#..##Z#...#.. #.#
#......#.#..##O###.#.###.#
#.###.......##@# #?.##.##
#.# ####.......# ##...##
#.# #.......# #.### #.#
#.......# #.#
######################.#
.......................#
#..#..#..#..#..#..#....#
.......................##
#..#..#..#..#..#..#.....#


You could see an ogre and a quokka zombie.

Vanquished Creatures
  Grinder (D:5)
  An ice beast (D:6)
  An ogre (D:6)
  A centaur (D:6)
  2 scorpions
  A howler monkey (D:6)
  2 hounds
  A jelly (D:5)
  A centaur skeleton (D:4)
  An orc wizard (D:6)
  Natasha (thrice) (D:3)
  4 adders
  An adder zombie (D:5)
  4 worms
  A dart slug (D:1)
  3 leopard geckos
  6 orcs
  2 giant cockroaches
  9 hobgoblins
  10 jackals
  2 quokkas
  9 bats
  3 frilled lizards
  7 goblins
  3 kobolds
  6 rats
85 creatures vanquished.

Notes
Turn   | Place    | Note
-------+----------+-------------------------------------------
     0 | D:1      | Mesmaeker13 the Demigod Skald began the quest for the Orb.
     0 | D:1      | Reached XP level 1. HP: 17/17 MP: 5/5
    47 | D:1      | Reached skill level 1 in Armour
   323 | D:1      | Reached XP level 2. HP: 24/24 MP: 7/7
  1165 | D:2      | Reached XP level 3. HP: 14/29 MP: 8/8
  2324 | D:3      | Reached XP level 4. HP: 30/37 MP: 9/9
  2709 | D:3      | Noticed Natasha
  2721 | D:3      | Killed Natasha
  2992 | D:3      | Noticed Natasha
  3008 | D:3      | Killed Natasha
  3387 | D:3      | Noticed Natasha
  3407 | D:3      | Killed Natasha
  3407 | D:3      | Reached XP level 5. HP: 29/44 MP: 10/10
  3671 | D:4      | Noticed inmateoo's ghost (amateur MiAM)
  3837 | D:5      | Entered Level 5 of the Dungeon
  3980 | D:5      | Found a stormy altar of Qazlal.
  4451 | D:5      | Noticed Grinder
  4457 | D:5      | Paralysed by Grinder for 3 turns
  4488 | D:5      | Paralysed by Grinder for 4 turns
  4498 | D:5      | Paralysed by Grinder for 3 turns
  4504 | D:5      | Paralysed by Grinder for 3 turns
  4507 | D:5      | Killed Grinder
  4507 | D:5      | Reached XP level 6. HP: 14/52 MP: 11/11
  5141 | D:5      | Found a blossoming altar of Fedhas.
  5171 | D:5      | Found a deep blue altar of Sif Muna.
  5459 | D:6      | Reached XP level 7. HP: 56/58 MP: 12/12
  6030 | D:6      | Slain by an ogre

Skill      XL: |  1  2  3  4  5  6  7 |
---------------+----------------------+-----
Armour         | 1 2 3 4 |  4.1
Fighting       | 2 3 4 |  4.4
Long Blades    | 2 3 4 |  4.4
Charms         | 3 4 |  4.9
Dodging        | |  1.7
Spellcasting   | |  1.7

Action                   |  1- 3 |  4- 6 |  7- 9 || total
-------------------------+-------+-------+-------++-------
Melee: Falchion          |   177 |    11 |       ||   188
       Long sword        |       |   158 |    46 ||   204
  Use: Scroll            |     2 |     5 |       ||     7
       Potion            |       |     3 |       ||     3
  Eat: Chunk             |     5 |    10 |     1 ||    16
Armor: Leather armour    |    13 |       |       ||    13
       Scale mail        |    86 |       |       ||    86
       Chain mail        |     3 |    92 |    37 ||   132
       Skin              |       |    15 |       ||    15
Dodge: Dodged            |   120 |    55 |    16 ||   191
       Rpst.: Falchion   |    37 |     1 |       ||    38
       Long sword        |       |    22 |    12 ||    34
